 Dungeon Crawl Stone Soup version 0.17.2-1-ge4368a0 (webtiles) character file.

223053 Goblin1989 the Brawler (level 18, -2/160 HPs)
             Began as a Demonspawn Monk on Sept 24, 2016.
             Was an Initiate of Gozag.
             Killed from afar by a Hell Sentinel (18 damage)
             ... with a blast of hellfire
             ... on level 2 of the Abyss.
             The game lasted 04:20:44 (41108 turns).

Goblin1989 the Brawler (Demonspawn Monk)           Turns: 41108, Time: 04:20:44

Health: -2/160     AC: 24    Str: 23    XL:     18   Next: 55%
Magic:  32/32      EV: 18    Int: 21    God:    Gozag
Gold:   3633       SH: 14    Dex: 15    Spells: 3 memorised, 13 levels left

rFire  + + .     SeeInvis +       - Unarmed
rCold  + + .     Clarity  .     u - +4 swamp dragon armour of the Scribe {+Fly rPois rF+ rC+}
rNeg   + + +     SustAt   .     n - +0 shield
rPois  +         Gourm    .     (helmet unavailable)
rElec  +         Spirit   .     P - +1 cloak "Vaosch" {MP+9 SInv Stlth+}
rCorr  .         Warding  .     C - +0 pair of gloves
rMut   .         Stasis   .     o - +2 pair of boots "Zezxoes" {rElec rN+++ Int+5}
MR     ++...                    w - amulet of regeneration
Stlth  ++++++....               m - ring of protection from magic
                                y - ring "Saidgherph" {rF+ Int+2}

@: mighty, very resistant to hostile enchantments, very stealthy
A: horns 3, icy blue scales 2, cold resistance 1, mutation resistance 1,
nightstalker 2, powered by death 2, robust 1
a: Potion Petition, Call Merchant, Bribe Branch, Renounce Religion, Evoke Flight
}: 1/15 runes: serpentine


You were on level 2 of the Abyss.
You worshipped Gozag.
Gozag was noncommittal.
You were not hungry.

You visited 5 branches of the dungeon, and saw 32 of its levels.
You visited the Abyss 1 time.
You visited 1 bazaar.
You also visited: Ossuary and Ice Cave.

You collected 16833 gold pieces.
You spent 7129 gold pieces at shops.
You paid 6071 gold pieces to Gozag.

Inventory:

Hand Weapons
 B - the +4 trident of Dishonesty {vamp, rElec Str+4 Int-2 Stlth+, unknown}
   (You found it on level 1 of the Abyss)

   It inflicts no extra harm, but heals its wielder somewhat when it strikes a
   living foe.
   It affects your strength (+4).
   It affects your intelligence (-2).
   It insulates you from electricity.
   It makes you more stealthy.
Missiles
 c - 7 throwing nets (quivered)
Armour
 n - a +0 shield (worn)
 o - the +2 pair of boots "Zezxoes" (worn) {rElec rN+++ Int+5}
   (You bought it in a shop on level 6 of the Lair of Beasts)

   It affects your intelligence (+5).
   It insulates you from electricity.
   It renders you almost immune to negative energy.
 u - the +4 swamp dragon armour of the Scribe (worn) {+Fly rPois rF+ rC+}
   (You bought it in a shop on level 3 of the Lair of Beasts)

   It protects you from fire.
   It protects you from cold.
   It protects you from poison.
   It lets you fly.
 C - a +0 pair of gloves (worn)
 P - the +1 cloak "Vaosch" (worn) {MP+9 SInv Stlth+}
   (You bought it in a shop on level 3 of the Lair of Beasts)

   It affects your magic capacity (+9).
   It lets you see invisible.
   It makes you more stealthy.
Jewellery
 m - a ring of protection from magic (right hand)
 w - an amulet of regeneration (around neck)
 y - the ring "Saidgherph" (left hand) {rF+ Int+2}
   (You bought it in a shop on level 6 of the Lair of Beasts)

   [ring of intelligence]

   It affects your intelligence (+2).
   It protects you from fire.
 K - the amulet of the Air {Inacc +Fly rElec EV+5 RMsl}
   (You found it in an ice cave)

   [amulet of inaccuracy]

   It reduces the accuracy of all your attacks.
   It affects your evasion (+5).
   It insulates you from electricity.
   It lets you fly.
   It protects you from missiles.
 L - an uncursed ring of protection from fire
 O - a +4 ring of protection
Wands
 e - a wand of teleportation (2)
 h - a wand of disintegration (14)
 i - a wand of digging (2)
 k - a wand of fireball (8)
 v - a wand of disintegration (18)
Scrolls
 f - 5 scrolls of recharging
 g - 12 scrolls of identify
 j - 3 scrolls of blinking
 q - 4 scrolls of immolation
 s - 12 scrolls of teleportation
 x - a scroll of silence
 z - 5 scrolls of enchant armour
 A - 4 scrolls of fear
 F - 15 scrolls of remove curse
 G - 2 scrolls of summoning
 I - 3 scrolls of magic mapping
 J - 4 scrolls of fog
 M - 6 scrolls of noise
Potions
 a - a potion of haste
 b - 3 potions of invisibility
 d - a potion of might
 l - 3 potions of heal wounds
 p - 8 potions of curing
 r - 5 potions of ambrosia
 D - 2 potions of cancellation
 Q - a potion of resistance
 S - 5 potions of flight
Comestibles
 t - 6 bread rations


   Skills:
 - Level 14.2 Fighting
 - Level 0.1 Polearms
 - Level 9.6 Armour
 - Level 13.3 Dodging
 + Level 6.2 Stealth
 - Level 15.0 Shields
 - Level 16.3 Unarmed Combat
 - Level 3.8 Spellcasting
 - Level 5.7 Charms


You had 13 spell levels left.
You knew the following spells:

 Your Spells              Type           Power        Failure   Level  Hunger
a - Regeneration          Chrm/Necr      ###.......   21%         3    ###....
b - Sublimation of Blood  Necr           #.........   34%         2    #......
c - Haste                 Chrm           ####....     100%        6    #######


Dungeon Overview and Level Annotations

Branches:
Dungeon (15/15)            Temple (0/1) D:5            Lair (8/8) D:10
 Shoals (0/4) Lair:6        Snake (4/4) Lair:3        Slime (0/6) Lair:8
    Orc (4/4) D:10            Elf (0/3) Orc:4        Vaults (1/5) D:13
 Depths (0/5) D:15

Altars:
Dithmenos
Gozag
Kikubaaqudgha
Nemelex Xobeh
Ru
Vehumet
Yredelemnul
Zin
The Shining One
Beogh
Jiyva

Shops:
D:4 (   D:5 }   D:9 ?(!}*   Orc:1 %   Orc:2 [*   Orc:4 ?*%?}   Lair:3 [
Lair:6 *   Snake:2 =:   Snake:3 (

Portals:
Trove: D:13 (give +5 ice dragon armour)

Annotations:
D:3 Glorfindel's ghost, weakling HESk
Lair:4 1 runed door
Lair:8 1 runed door
Snake:2 1 runed door


Innate Abilities, Weirdness & Mutations

You have a pair of large horns on your head.
You are mostly covered in icy blue scales (AC +3, EV -1).
You are significantly more attuned to the shadows.
You regenerate health from kills.
Your flesh is cold resistant.
You are somewhat resistant to further mutation.
You are robust (+10% HP).


Message History

MASSIVE DAMAGE!!
You pummel the Hell Sentinel!! You headbutt the Hell Sentinel.
The Hell Sentinel is moderately wounded.
The Hell Sentinel barely misses you. You block the Hell Sentinel's attack.
You pummel the Hell Sentinel!!
The Hell Sentinel is heavily wounded.
You regained 2 hp, and now have 35/160 hp.
You pummel the Hell Sentinel!!
The Hell Sentinel is severely wounded.
The Hell Sentinel hits you!!
* * * LOW HITPOINT WARNING * * *
The Hell Sentinel hits you.
* * * LOW HITPOINT WARNING * * *
You take 21 damage, and have 14/160 hp.
You hit the Hell Sentinel but do no damage.
The Hell Sentinel is severely wounded.
The Hell Sentinel gestures at you.
The hellfire explodes!
The blast of hellfire engulfs you!
You die...
Your body crumbles into a pile of gold.

. # .. ..
#... # ..≈
#.. # ## . ##
#.... # # .
#. . .
.###### . . .
. # #.#.# ..#
# # .
......#.##.#
#. .#
...........##
# #..#.#..
.#..#@$.... #
. #
###.##1#####
. .# #.## ..
.... ..# ..
.# ###..#. .
. ## ###..# #
.# # # # ...
# .#.# . .# #
.


You could see a Hell Sentinel.

Vanquished Creatures
  2 bone dragons
  Jorgrun (Snake:3)
  Rupert (D:14)
  A Hell Sentinel (Abyss:2)
  4 tentacled starspawn
  Agnes (D:14)
  Frances (D:13)
  Kirke (Lair:6)
  8 greater nagas
  A frost giant (D:13)
  A deep elf sorcerer (Abyss:1)
  Louise (D:14)
  The ghost of Goblin1989 the Martial Artist, a journeyman DsFi of Gozag (Lair:8)
  A very ugly thing (Abyss:2)
  A stone giant (D:13)
  2 ironheart preservers (Vaults:1)
  Nessos (D:14)
  A white draconian (Abyss:1)
  An ettin (D:13)
  A fire dragon (Lair:8)
  A vault guard (D:13)
  Josephine (Lair:8)
  A yaktaur captain (D:13)
  2 ice dragons
  18 naga warriors
  A catoblepas (Lair:8)
  6 hydras
  13 anacondas
  A ghost crab (shapeshifter) (D:15)
  2 centaur warriors
  12 death yaks
  A tengu warrior (D:14)
  2 thrashing horrors (Abyss:1)
  A sun demon (Abyss:1)
  3 ogre magi
  9 naga sharpshooters
  6 shock serpents
  Urug (D:12)
  7 hell hogs
  Sonja (Orc:4)
  A wretched star (Abyss:1)
  An ice devil (Abyss:1)
  2 deep trolls (Orc:4)
  A salamander mystic (Snake:4)
  9 naga ritualists
  5 hill giants
  3 unseen horrors
  An unseen horror (shapeshifter) (D:14)
  A lindwurm (Lair:7)
  An obsidian statue (D:12)
  An orange crystal statue (D:12)
  A necromancer (D:13)
  11 ugly things
  2 orc sorcerers
  2 wizards (D:13)
  2 wolf spiders (Lair:8)
  13 mana vipers
  A deep elf conjurer (D:15)
  9 salamanders
  A manticore (D:14)
  7 cyclopes
  7 guardian serpents
  An orc knight (Vaults:1)
  A hornet (Lair:8)
  Maurice (Orc:2)
  3 elephants (Lair:8)
  20 naga magi
  Joseph (D:9)
  2 griffons
  2 sixfirhies (Abyss:1)
  2 smoke demons (Abyss:1)
  2 ice statues (IceCv)
  44 black mambas
  11 spiny frogs
  10 komodo dragons
  2 fire drakes
  A wolf spider simulacrum (D:14)
  A freezing wraith (D:13)
  A raiju (Abyss:1)
  10 trolls
  3 polar bears (Lair:7)
  A harpy skeleton (D:15)
  8 two-headed ogres
  5 blink frogs (Lair:7)
  12 slime creatures
  69 yaks
  2 shadows
  2 vampires
  4 hogs (Lair:6)
  A trapdoor spider (D:14)
  8 ynoxinuls
  6 wraiths
  11 hippogriffs
  A hill giant zombie (D:10)
  7 flying skulls (Abyss:1)
  7 basilisks
  A steam dragon (Lair:5)
  2 neqoxecs (Abyss:1)
  A fire bat (Abyss:1)
  Grum (D:7)
  A wyvern (D:8)
  4 hungry ghosts
  20 humans (D:13)
  13 large abominations
  5 mottled dragons
  24 wolves
  2 wargs (Orc:4)
  A spiny frog zombie (Abyss:2)
  37 water moccasins
  12 porcupines
  47 nagas
  3 soldier ants
  2 black bears
  7 spiders (Lair:8)
  3 swamp drakes (Lair:8)
  An eye of draining (D:15)
  2 sky beasts
  25 ice beasts
  4 wasps
  41 ogres
  17 orc warriors
  13 centaurs
  2 necrophages
  6 phantoms
  3 boggarts (D:15)
  15 crocodiles
  A big kobold (D:8)
  25 giant frogs
  A brain worm (Abyss:1)
  A gnoll sergeant (D:6)
  A wyvern skeleton (D:13)
  6 scorpions
  8 wights (D:12)
  9 small abominations
  16 killer bees
  3 troll zombies (D:10)
  An electric eel (Lair:7)
  6 hounds
  5 crimson imps
  5 giant frog zombies
  3 wasp zombies
  4 centaur zombies
  An iron imp (Abyss:1)
  21 orc priests
  7 jellies
  13 iguanas
  4 centaur skeletons
  5 giant frog skeletons
  23 orc wizards
  5 hell rats (Lair:7)
  11 worker ants
  17 sheep
  A killer bee zombie (D:9)
  4 ogre zombies (D:10)
  A giant frog simulacrum (D:13)
  3 big kobold zombies (Ossuary)
  A hound zombie (D:9)
  3 mummies (Ossuary)
  69 river rats
  8 gnolls
  22 adders
  5 shadow imps
  A white imp (Abyss:1)
  2 ufetubi (Abyss:1)
  3 oozes
  An adder zombie (D:9)
  2 adder skeletons (D:4)
  2 worms
  6 giant geckos
  122 orcs
  7 bats
  7 giant cockroaches
  9 hobgoblins
  14 jackals
  6 quokkas
  A ball python (D:4)
  6 giant newts
  5 goblins
  3 goblin zombies (D:10)
  2 hobgoblin skeletons (D:10)
  6 hobgoblin zombies
  7 kobolds
  3 orc skeletons (D:10)
  14 orc zombies (D:10)
  A quokka zombie (D:5)
  6 rats
  2 plants
1337 creatures vanquished.

Vanquished Creatures (others)
  An ice dragon (IceCv)
  A naga (Snake:3)
  An orc priest (D:15)
  An orc zombie (D:10)
  67 fungi
  27 plants
  6 starspawn tentacles
  A starspawn tentacle segment (Abyss:2)
105 creatures vanquished.

Grand Total: 1442 creatures vanquished

Notes
Turn   | Place    | Note
--------------------------------------------------------------
     0 | D:1      | Goblin1989 the Demonspawn Monk began the quest for the Orb.
     0 | D:1      | Reached XP level 1. HP: 18/18 MP: 1/1
   461 | D:1      | Reached skill level 4 in Unarmed Combat
   482 | D:1      | Gained mutation: You regenerate a little health from kills. [demonic ancestry]
   482 | D:1      | Reached XP level 2. HP: 22/24 MP: 2/2
   893 | D:2      | Gained mutation: You have a pair of small horns on your head. [demonic ancestry]
   893 | D:2      | Reached XP level 3. HP: 12/29 MP: 3/3
  1020 | D:3      | Found an opulent altar of Gozag.
  1028 | D:3      | Became a worshipper of Gozag Ym Sagoz the Greedy
  1094 | D:3      | Reached skill level 5 in Unarmed Combat
  1094 | D:3      | Gained mutation: You have a pair of horns on your head. [demonic ancestry]
  1094 | D:3      | Reached XP level 4. HP: 26/35 MP: 4/4
  1155 | D:3      | Noticed Glorfindel's ghost (weakling HESk)
  1357 | D:2      | Reached XP level 5. HP: 39/41 MP: 5/5
  1698 | D:2      | Found a sparkling altar of Nemelex Xobeh.
  2163 | D:4      | Reached skill level 6 in Unarmed Combat
  2221 | D:4      | Found Iwnezou's Weapon Emporium.
  2337 | D:4      | Reached skill level 1 in Armour
  2588 | D:4      | Reached XP level 6. HP: 47/47 MP: 6/6
  2847 | D:5      | Entered Level 5 of the Dungeon
  2926 | D:5      | Found a glowing golden altar of the Shining One.
  2984 | D:5      | Gained mutation: You regenerate health from kills. [demonic ancestry]
  2984 | D:5      | Reached XP level 7. HP: 49/54 MP: 7/7
  3042 | D:5      | Reached skill level 7 in Unarmed Combat
  3066 | D:5      | Found a staircase to the Ecumenical Temple.
  3084 | D:5      | Found a sand-covered staircase.
  3092 | Ossuary  | Entered an ossuary
  3187 | Ossuary  | Turgon: !beem subscribe
  3187 | Ossuary  | beem: User Turgon is already subscribed
  3439 | D:4      | Bought the +9 hunting sling of Governance {velocity, MP+9 Str+2} for 642 gold pieces
  4017 | D:5      | Found an ancient bone altar of Kikubaaqudgha.
  4063 | D:5      | Found Kufrupp's Gadget Boutique.
  4298 | D:6      | Gained mutation: You are slightly more attuned to the shadows. [demonic ancestry]
  4298 | D:6      | Reached XP level 8. HP: 57/61 MP: 8/8
  4308 | D:6      | Found a glowing silver altar of Zin.
  4546 | D:6      | Found a basalt altar of Yredelemnul.
  4547 | D:6      | Found a radiant altar of Vehumet.
  4608 | D:6      | Found a sparkling altar of Nemelex Xobeh.
  4630 | D:6      | Reached skill level 5 in Fighting
  4639 | D:6      | Reached skill level 8 in Unarmed Combat
  5275 | D:7      | Found a shadowy altar of Dithmenos.
  5573 | D:7      | Reached skill level 9 in Unarmed Combat
  5674 | D:7      | Reached XP level 9. HP: 66/69 MP: 9/9
  5921 | D:8      | Noticed Grum
  5948 | D:7      | Reached skill level 5 in Armour
  6025 | D:7      | Killed Grum
  6459 | D:8      | Reached skill level 10 in Unarmed Combat
  6929 | D:9      | Found Mackus's Antique Weapon Shop.
  6942 | D:9      | Found Afrodyel's Distillery.
  6960 | D:9      | Bought a potion of poison for 16 gold pieces
  6960 | D:9      | Bought a potion of degeneration for 16 gold pieces
  6960 | D:9      | Bought a potion of resistance for 160 gold pieces
  6960 | D:9      | Bought a potion of magic for 128 gold pieces
  6960 | D:9      | Bought a potion of might for 64 gold pieces
  6960 | D:9      | Bought a potion of flight for 48 gold pieces
  6960 | D:9      | Bought a potion of agility for 64 gold pieces
  6960 | D:9      | Bought a potion of ambrosia for 128 gold pieces
  6960 | D:9      | Bought a potion of haste for 160 gold pieces
  6960 | D:9      | Bought a potion of lignification for 48 gold pieces
  6974 | D:9      | Gained mutation: Your flesh is cold resistant. [potion of beneficial mutation]
  6975 | D:9      | Gained mutation: You are somewhat resistant to further mutation. [potion of beneficial mutation]
  6984 | D:9      | Found a sacrificial altar of Ru.
  6997 | D:9      | Found Neiwoemo's Assorted Antiques.
  7121 | D:9      | Found Qogrowkeid's Gadget Emporium.
  7155 | D:9      | Noticed Joseph
  7176 | D:9      | Gained mutation: You are partially covered in icy blue scales (AC +1). [demonic ancestry]
  7176 | D:9      | Reached XP level 10. HP: 76/79 MP: 10/10
  7188 | D:9      | Killed Joseph
  7238 | D:9      | Found Tytod's Magic Scroll Boutique.
  7296 | D:9      | Bought a scroll of magic mapping for 49 gold pieces
  7296 | D:9      | Bought 2 scrolls of identify for 56 gold pieces
  7296 | D:9      | Bought a scroll of identify for 28 gold pieces
  7296 | D:9      | Bought a scroll of identify for 28 gold pieces
  7296 | D:9      | Bought a scroll of identify for 28 gold pieces
  7296 | D:9      | Bought a scroll of identify for 28 gold pieces
  7296 | D:9      | Bought a scroll of teleportation for 42 gold pieces
  7542 | D:9      | Reached skill level 11 in Unarmed Combat
  7945 | D:10     | Entered Level 10 of the Dungeon
  8158 | D:10     | Found a staircase to the Orcish Mines.
  8158 | D:10     | Noticed an orc sorcerer
  8164 | D:10     | Noticed a rust devil
  8180 | D:10     | Noticed a rust devil
  9215 | D:11     | Noticed a cyan ugly thing
  9236 | D:11     | Killed a cyan ugly thing
  9439 | D:10     | Gained mutation: You have a pair of large horns on your head. [demonic ancestry]
  9439 | D:10     | Reached XP level 11. HP: 87/87 MP: 11/11
  9591 | D:10     | Killed an orc sorcerer
  9615 | D:10     | Found a staircase to the Lair.
  9823 | Orc:1    | Entered Level 1 of the Orcish Mines
  9926 | Orc:1    | Found a roughly hewn altar of Beogh.
 10029 | Orc:1    | Reached skill level 12 in Unarmed Combat
 10211 | Orc:1    | Found Edobaah's Food Emporium.
 10689 | Orc:2    | Noticed Maurice
 10810 | Lair:1   | Entered Level 1 of the Lair of Beasts
 11226 | Lair:1   | Learned a level 3 spell: Regeneration
 11229 | Lair:1   | Learned a level 2 spell: Sublimation of Blood
 12112 | Lair:2   | You fall through a shaft for 2 floors!
 13229 | Lair:3   | Bought the +1 cloak "Vaosch" {MP+9 SInv Stlth+} for 423 gold pieces
 13558 | Orc:2    | Killed Maurice
 14255 | Orc:3    | Reached skill level 10 in Fighting
 14262 | Orc:3    | Reached skill level 13 in Unarmed Combat
 14308 | Orc:4    | Entered Level 4 of the Orcish Mines
 14375 | Orc:4    | Noticed Sonja
 14391 | Orc:4    | Killed Sonja
 14542 | Orc:4    | Noticed a deep troll
 14542 | Orc:4    | Noticed an ogre mage
 14596 | Orc:2    | Found Vaammoyth's Armour Shop.
 14837 | Orc:3    | Reached XP level 12. HP: 78/97 MP: 12/12
 14851 | Orc:4    | Noticed a hill giant
 15017 | Orc:4    | Noticed an ogre mage
 15035 | Orc:4    | Killed an ogre mage
 15077 | Orc:4    | Noticed a deep troll
 15098 | Orc:4    | Killed a deep troll
 15129 | Orc:4    | Killed a hill giant
 15139 | Orc:4    | Killed an ogre mage
 15230 | Orc:4    | Reached skill level 14 in Unarmed Combat
 15303 | Orc:4    | Found a staircase to the Elven Halls.
 15339 | Orc:4    | Killed a deep troll
 15416 | Orc:4    | Found Eminwong's Assorted Antiques.
 15417 | Orc:4    | Found Neizuogh's Magic Scroll Shop.
 15419 | Orc:4    | Found Moocatul's Magic Scroll Emporium.
 15427 | Orc:4    | Noticed a hill giant
 15427 | Orc:4    | Found Ludink's Gadget Boutique.
 15432 | Orc:4    | Killed a hill giant
 15443 | Orc:4    | Bought a scroll of silence for 135 gold pieces
 15443 | Orc:4    | Bought a scroll of summoning for 171 gold pieces
 15690 | D:12     | Noticed Urug
 15922 | Lair:3   | Found a staircase to the Snake Pit.
 17184 | Lair:4   | Reached XP level 13. HP: 106/106 MP: 13/13
 17270 | Lair:4   | Noticed a five-headed hydra
 17301 | Lair:4   | Killed a five-headed hydra
 17426 | Lair:4   | Noticed a seven-headed hydra
 17438 | Lair:4   | Killed a seven-headed hydra
 17620 | Lair:4   | Found a runed door.
 17875 | Lair:4   | Reached skill level 5 in Dodging
 19652 | Lair:6   | Found a staircase to the Shoals.
 19962 | Lair:6   | Noticed Kirke
 19990 | Lair:6   | HP: 5/107 [harpy[Kirke] (8)]
 20435 | Lair:6   | Bought a pair of distressingly furry boots for 266 gold pieces
 20440 | Lair:6   | Identified the +2 pair of boots "Zezxoes" {rElec rN+++ Int+5} (You bought it in a shop on level 6 of the Lair of Beasts)
 20522 | Lair:7   | Reached skill level 15 in Unarmed Combat
 20568 | Lair:6   | Bought a warped iron ring for 140 gold pieces
 20569 | Lair:6   | Identified the ring "Saidgherph" {rF+ Int+2} (You bought it in a shop on level 6 of the Lair of Beasts)
 20700 | Lair:6   | Bought a potion of might for 112 gold pieces
 21213 | D:12     | Noticed a five-headed hydra
 21240 | D:12     | Killed a five-headed hydra
 21325 | D:12     | Killed Urug
 21657 | D:12     | Reached XP level 14. HP: 116/116 MP: 14/14
 21981 | D:13     | Found a frozen archway.
 22045 | IceCv    | Entered an ice cave
 22443 | IceCv    | Got a wavering golden ring
 22654 | D:13     | Found a portal to a secret trove of treasure.
 22772 | D:9      | Bought a scroll of acquirement for 728 gold pieces
 22778 | D:9      | Bought a scroll of acquirement for 728 gold pieces
 22826 | Lair:1   | Identified the ring "Qideazi" {Slay+2 Stlth-} (You found it in an ice cave)
 23428 | D:13     | Found a gate to the Vaults.
 24114 | D:13     | LouisFerdinandCeline: чё трова просит?
 24117 | D:13     | Goblin1989: +5 айс дрэгон армор
 24361 | Lair:6   | Killed Kirke
 24361 | Lair:6   | Reached skill level 10 in Dodging
 26024 | Lair:8   | Entered Level 8 of the Lair of Beasts
 26572 | Lair:7   | Reached XP level 15. HP: 104/124 MP: 15/15
 26837 | Lair:8   | Found a runed door.
 26837 | Lair:8   | Found a viscous altar of Jiyva.
 26838 | Lair:8   | Found a staircase to the Slime Pits.
 26987 | Lair:3   | Bought the +4 swamp dragon armour of the Scribe {+Fly rPois rF+ rC+} for 1675 gold pieces
 27137 | Lair:8   | Noticed Josephine
 27157 | Lair:8   | Killed Josephine
 27295 | Lair:8   | Reached skill level 16 in Unarmed Combat
 27841 | Lair:8   | Noticed Goblin1989's ghost (journeyman DsFi)
 27876 | Lair:8   | Killed Goblin1989's ghost
 28470 | Snake:1  | Entered Level 1 of the Snake Pit
 28919 | Snake:1  | Noticed a greater naga
 29439 | Lair:1   | Learned a level 6 spell: Haste
 29601 | Snake:1  | Killed a greater naga
 29601 | Snake:1  | Reached skill level 1 in Spellcasting
 29601 | Snake:1  | Reached skill level 1 in Charms
 30057 | Snake:1  | graymark: чет тебе в снейках не рады :)
 30059 | Snake:1  | Goblin1989: мне нигде не рады
 30059 | Snake:1  | Goblin1989: и БХ нет
 30059 | Snake:1  | Goblin1989: и щите нормального нет
 30059 | Snake:1  | graymark: блейд хендс ?
 30059 | Snake:1  | Goblin1989: посмотрим затащит хаста или нет вместо него
 30059 | Snake:1  | Goblin1989: да
 30188 | Snake:2  | Found a runed door.
 30254 | Snake:2  | Found Ulunluzu's Jewellery Boutique.
 30262 | Snake:2  | graymark: сделай плз дамп
 30262 | Snake:2  | graymark: shift + 3
 30464 | Snake:2  | Noticed a greater naga
 30485 | Snake:2  | Killed a greater naga
 30564 | Snake:2  | Goblin1989: мне позвонили
 30564 | Snake:2  | Goblin1989: а сижу через смартфон
 30589 | Snake:2  | graymark: о как
 30599 | Snake:2  | graymark: а какой клиент пользуешь
 30606 | Snake:2  | Goblin1989: не
 30606 | Snake:2  | graymark: через браузер?
 30606 | Snake:2  | Goblin1989: у меня смарт модемом раторает
 30606 | Snake:2  | graymark: а, вон как)
 30753 | Snake:2  | Reached XP level 16. HP: 133/133 MP: 20/20
 31144 | Snake:2  | Reached skill level 5 in Charms
 31181 | Snake:3  | Found Judiasush's Antique Weapon Emporium.
 31188 | Snake:3  | Bought a steaming quarterstaff for 270 gold pieces
 31188 | Snake:3  | Identified the cursed +0 quarterstaff of Lioryt {crush, rElec rF++ Int-2 Stlth+} (You bought it in a shop on level 3 of the Snake Pit)
 31244 | Snake:3  | Noticed Jorgrun
 31353 | Snake:2  | Bought an uncursed ring of protection from magic for 400 gold pieces
 31530 | Snake:4  | Entered Level 4 of the Snake Pit
 31723 | Snake:4  | Reached skill level 1 in Shields
 31742 | Snake:4  | Goblin1989: о да!!!
 31742 | Snake:4  | Goblin1989: щит!!!
 31748 | Snake:4  | Found a gateway to a bazaar.
 31785 | Bazaar   | Entered a bazaar
 31785 | Bazaar   | Found Zadun's Antique Armour Shoppe.
 31785 | Bazaar   | Found Soepafae's Antique Weapon Shoppe.
 31786 | Bazaar   | Found Huet's Distillery.
 31817 | Bazaar   | Found Wueteaph's General Store.
 31828 | Bazaar   | Found Ruevvoyfi's Jewellery Boutique.
 31848 | Bazaar   | Bought an encrusted shield for 180 gold pieces
 31858 | Bazaar   | Identified the -7 shield "Ohinge" {+Inv MP+9} (You bought it in a shop in a bazaar)
 31858 | Bazaar   | graymark: пфффф
 31884 | Bazaar   | Bought a potion of heal wounds for 60 gold pieces
 31884 | Bazaar   | Bought a potion of heal wounds for 60 gold pieces
 31884 | Bazaar   | Bought a potion of might for 48 gold pieces
 32542 | Snake:3  | Reached skill level 5 in Shields
 32810 | Snake:3  | Killed Jorgrun
 33620 | Snake:3  | Goblin1989: лан
 33620 | Snake:3  | Goblin1989: надо по делам
 33620 | Snake:3  | Goblin1989: вечером приду
 33620 | Snake:3  | Goblin1989: афк
 34082 | D:13     | Noticed Frances
 34139 | D:13     | Killed Frances
 34286 | D:13     | Noticed a frost giant
 34311 | D:13     | Killed a frost giant
 34569 | D:14     | Noticed Nessos
 34596 | D:14     | Killed Nessos
 34596 | D:14     | Reached skill level 10 in Shields
 34621 | D:14     | Gained mutation: You are mostly covered in icy blue scales (AC +3, EV -1). [demonic ancestry]
 34621 | D:14     | Reached XP level 17. HP: 139/139 MP: 22/22
 34681 | D:14     | Noticed Rupert
 34711 | D:14     | Killed Rupert
 34853 | D:14     | Noticed Louise
 34874 | D:14     | Killed Louise
 34903 | D:14     | Noticed Agnes
 34931 | D:14     | Killed Agnes
 35446 | D:15     | Entered Level 15 of the Dungeon
 35757 | D:15     | Found a staircase to the Depths.
 35866 | D:15     | Noticed a spectral shard shrike
 35962 | D:15     | Found an ancient bone altar of Kikubaaqudgha.
 36031 | D:15     | Found a shadowy altar of Dithmenos.
 36126 | D:15     | Iwannabefree: day dump pls
 36195 | D:15     | Iwannabefree: ты это, осторожней со слаймами
 36294 | D:15     | Iwannabefree: в зиги планируешь?
 36294 | D:15     | Goblin1989: нет
 36294 | D:15     | Goblin1989: у меня стрик
 36299 | D:15     | Iwannabefree: !lg goblin1989
 36299 | D:15     | beem: 1129. Goblin1989 the Heavyweight Champion (L27 TrFi of The Shining One), escaped with the Orb and 4 runes on 2016-09-24 01:07:37, with 2386739 points after 71559 turns and 6:23:04.
 36299 | D:15     | Iwannabefree: >ne 15 run
 36299 | D:15     | Goblin1989: ну и вообще это фановский чар
 36299 | D:15     | Goblin1989: я его давно пытаюсь пройти
 36313 | D:15     | Iwannabefree: с таким набором можешь себе позволить зиги
 36313 | D:15     | Gained mutation: You are robust (+10% HP). [potion of beneficial mutation]
 36353 | D:15     | Goblin1989: и помереть там?
 36353 | D:15     | Goblin1989: до них дойти нужно
 36353 | D:15     | Iwannabefree: офк
 36991 | Snake:4  | jacquesderrida: Tak-tak, slovinskie tyt
 37019 | Snake:4  | Iwannabefree: priviet tovarisch
 37019 | Snake:4  | jacquesderrida: Guten morgen, genosse!
 37115 | Snake:4  | Iwannabefree: подожди
 37160 | Snake:4  | Iwannabefree: откуда у тебя реген если гозаг превращает трупы в голду?
 37161 | Snake:4  | Iwannabefree: ??powered by death
 37161 | Snake:4  | beem: powered by death[1/1]: Demonspawn mutation, appears as 'Regen (N)', where N is the amount of HP regenerated each turn. Each kill, whether or not the victim leaves a corpse or not, increases the regen counter depending on mutation level, decreasing over time.
 37379 | Snake:4  | jacquesderrida: Da
 38280 | Snake:4  | Got a serpentine rune of Zot
 38653 | Vaults:1 | Entered Level 1 of the Vaults
 38746 | Vaults:1 | Cast into the Abyss (a deep elf sorcerer)
 38770 | Abyss:1  | Got a jewelled trident
 38841 | Abyss:1  | Gained mutation: You are significantly more attuned to the shadows. [demonic ancestry]
 38841 | Abyss:1  | Reached XP level 18. HP: 152/160 MP: 23/23
 38877 | Abyss:1  | Iwannabefree: ??nightstalker
 38878 | Abyss:1  | beem: nightstalker[1/1]: +40/80/120 stealth -1/-2/-3 LOS. Remember, LOS is reciprocal, so when your LOS is reduced, so is the LOS of everything else in the dungeon.
 38902 | Abyss:1  | Iwannabefree: godno navernoe na stabbere
 39713 | Abyss:1  | jacquesderrida: da
 39714 | Abyss:1  | jacquesderrida: na spidrunnere tozhe
 39720 | Abyss:1  | Noticed a bone dragon
 39748 | Abyss:1  | Killed a bone dragon
 39982 | Abyss:1  | Noticed a lich
 40211 | Abyss:1  | Noticed an ancient lich
 40405 | Abyss:1  | Reached skill level 5 in Stealth
 40406 | Abyss:1  | Goblin1989: так
 40406 | Abyss:1  | Goblin1989: нужен хелп
 40406 | Abyss:1  | jacquesderrida: tak
 40406 | Abyss:1  | Goblin1989: где его искать, выход?
 40406 | Abyss:1  | jacquesderrida: NIGDE
 40406 | Abyss:1  | jacquesderrida: MONSTEROV MACHIT NADA
 40406 | Abyss:1  | Goblin1989: это не транк, а 0.17
 40406 | Abyss:1  | jacquesderrida: nu togda
 40406 | Abyss:1  | jacquesderrida: nu togda ischi vyhod...
 40406 | Abyss:1  | Goblin1989: я итак чищу кого могу, но уже один обычный и один крутой личи бродят
 40406 | Abyss:1  | Goblin1989: джей ди, я серьезно
 40406 | Abyss:1  | jacquesderrida: CHE
 40408 | Abyss:1  | jacquesderrida: Vyhod ischi, govoryu...
 40412 | Abyss:1  | jacquesderrida: ON SLUCHAYNY
 40415 | Abyss:1  | jacquesderrida: S ashenzarei udobno
 40416 | Abyss:1  | jacquesderrida: Srazu na karte vidno
 40427 | Abyss:1  | jacquesderrida: Vrode chem glubzhe, tem bolshe vyhodov
 40432 | Abyss:1  | jacquesderrida: Hotya ne fakt
 40433 | Abyss:1  | Reached skill level 15 in Shields
 40438 | Abyss:1  | Iwannabefree: >>>>играть на некроверсии
 40464 | Abyss:1  | jacquesderrida: luchshaya versiya - 0.9
 40467 | Abyss:1  | jacquesderrida: Obsuzhdaem...
 40720 | Abyss:2  | Iwannabefree: играю с 0.17
 40736 | Abyss:2  | jacquesderrida: eto ty zrya.....
 40744 | Abyss:2  | jacquesderrida: >>>>>>>>>>>>>>>>>>You scroll of acquirement burns!
 40748 | Abyss:2  | jacquesderrida: >>>>>>>>>>>>>>>>>>>>>>>>>>>One of your Cure mutation potions shatters!
 40860 | Abyss:2  | Found a corrupted altar of Lugonu.
 40866 | Abyss:2  | Iwannabefree: so much FUN
 40869 | Abyss:2  | Noticed a bone dragon
 40922 | Abyss:2  | Killed a bone dragon
 41108 | Abyss:2  | Killed from afar by a Hell Sentinel

Action                   |  1- 3 |  4- 6 |  7- 9 | 10-12 | 13-15 | 16-18 || total
-------------------------+-------+-------+-------+-------+-------+-------++-------
Melee: Unarmed           |   138 |   249 |   455 |  1205 |  2389 |  2138 ||  6574
 Fire: Hunting sling     |       |       |    24 |    14 |       |       ||    38
Invok: Potion Petition   |       |     1 |       |     2 |     1 |     1 ||     5
       Call Merchant     |       |       |       |     3 |     1 |     1 ||     5
Evoke: Wand              |       |       |       |    14 |     6 |     3 ||    23
  Use: Potion            |     1 |     1 |     5 |     8 |     5 |     6 ||    26
       Scroll            |       |     7 |     7 |     8 |    10 |    16 ||    48
 Stab: Sleeping          |     6 |       |     4 |     1 |     2 |    12 ||    25
       Invisible         |     3 |       |       |       |       |       ||     3
       Distracted        |       |     1 |     1 |    12 |    22 |    17 ||    53
  Eat: Meat ration       |       |     1 |     2 |     1 |     4 |     4 ||    12
       Pizza             |       |     1 |       |     1 |     3 |     1 ||     6
       Bread ration      |       |       |     1 |     2 |     1 |     4 ||     8
       Fruit             |       |       |     3 |    24 |    16 |     3 ||    46
       Beef jerky        |       |       |     1 |     3 |     4 |       ||     8
       Royal jelly       |       |       |       |       |     1 |     1 ||     2
